 Dungeon Crawl Stone Soup version 0.28.0-1-gb440e238dd (webtiles) character file.

Game seed: 5191869888516363886

104704 MirrMurr the Spear-Bearer (level 15, -2/129 HPs)
             Began as a Demonspawn Berserker on Feb 19, 2022.
             Was a High Priest of Trog.
             Slain by a death yak (35 damage)
             ... summoned by a spriggan berserker
             ... on level 3 of the Swamp.
             The game lasted 01:03:24 (32933 turns).

MirrMurr the Spear-Bearer (Demonspawn Berserker)   Turns: 32933, Time: 01:03:24

Health: -2/129     AC: 23    Str: 24    XL:     15   Next: 92%
Magic:  15/15      EV: 18    Int: 13    God:    Trog [*****.]
Gold:   2798       SH:  6    Dex: 12    Spells: 14/14 levels left

rFire   + + .      SeeInvis .   a - +1 trident (protect)
rCold   . . .      Faith    .   q - +0 buckler
rNeg    . . .      Spirit   .   Q - +0 fire dragon scales
rPois   +          Reflect  .   z - +2 helmet {Int+3}
rElec   .          Harm     .   A - +0 cloak {rPois}
rCorr   .          Rampage  .   R - +0 pair of gloves
Will    +....                   n - +0 pair of boots
Stlth   ..........              T - amulet of regeneration
HPRegen 1.11/turn               c - ring of protection from cold
MPRegen 0.14/turn               y - +4 ring of evasion

@: on berserk cooldown, slowed, very slow
A: rugged brown scales 3, foul stench 1, spiny 2, weakness stinger 2
a: Renounce Religion, Berserk, Trog's Hand, Brothers in Arms


You were on level 3 of the Swamp.
You worshipped Trog.
Trog was extremely pleased with you.
You visited 4 branches of the dungeon, and saw 26 of its levels.
You also visited: Bailey and Ice Cave.

You collected 3022 gold pieces.
You spent 224 gold pieces at shops.

Inventory:

Hand Weapons
 a - a +1 trident of protection (weapon)
Missiles
 d - 631 stones (quivered)
 e - 4 boomerangs
 j - 23 poisoned darts
 w - 2 javelins
 D - a curare-tipped dart
 L - 2 throwing nets
 Y - 2 silver boomerangs
Armour
 n - a +0 pair of boots (worn)
 q - a +0 buckler (worn)
 z - a +2 helmet of intelligence (worn)
 A - a +0 cloak of poison resistance (worn)
 B - a +0 plate armour of cold resistance
 Q - +0 fire dragon scales (worn)
 R - a +0 pair of gloves (worn)
Jewellery
 c - a ring of protection from cold (left hand)
 i - a ring of ice
 y - a +4 ring of evasion (right hand)
 F - the ring of Fedhas's Scorn {Fly Str+4 Int-2 Dex+3}
   (You found it on level 1 of the Swamp)

   [ring of flight]

   Str:       It affects your strength (+4).
   Int:       It affects your intelligence (-2).
   Dex:       It affects your dexterity (+3).
   Fly:       It grants you flight.
 T - an amulet of regeneration (around neck)
 W - a ring of see invisible
Wands
 l - a wand of iceblast (33)
 p - a wand of paralysis (8)
 u - a wand of mindburst (4)
 E - a wand of flame (11)
 M - a wand of digging (8)
 N - a wand of acid (7)
 U - a wand of polymorph (9)
Scrolls
 b - 11 scrolls of teleportation
 h - 3 scrolls of fog
 o - 2 scrolls of brand weapon
 t - 2 scrolls of magic mapping
 v - 4 scrolls of enchant weapon
 J - 5 scrolls of blinking
 O - a scroll of summoning
 S - 2 scrolls of immolation
 V - a scroll of identify
Potions
 f - 3 potions of might
 g - 4 potions of haste
 k - 2 potions of magic
 m - 7 potions of curing
 r - 3 potions of resistance
 s - a potion of brilliance {unknown}
 C - 5 potions of heal wounds
 H - 3 potions of lignification
 I - 4 potions of berserk rage
 K - 3 potions of flight
 P - 2 potions of mutation
 X - a potion of cancellation {unknown}
Miscellaneous
 x - a box of beasts
 G - a lightning rod (4/4)


   Skills:
 + Level 12.3 Fighting
 - Level 14.0 Polearms
 + Level 6.7 Throwing
 + Level 11.1 Armour
 + Level 11.2 Dodging
 + Level 10.3 Shields
 - Level 6.9 Evocations


You had 14 spell levels left.
You didn't know any spells.
Your spell library was empty.

Dungeon Overview and Level Annotations

Branches:
Dungeon (15/15)            Temple (0/1) D:5            Lair (6/6) D:11
  Swamp (3/4) Lair:2        Snake (0/4) Lair:2        Slime (0/5) Lair:6
    Orc (2/2) D:12            Elf (0/3) Orc:2        Vaults (0/5) D:14
 Depths (0/4) D:15         Bailey (visited)           IceCv (visited)

Altars:
Cheibriados
Dithmenos
Elyvilon
Sif Muna
Vehumet
Wu Jian
Yredelemnul
The Shining One
Jiyva

Shops:
D:5 [   D:9 !   Orc:2 ::!?

Annotations:
D:10 exclusion: orange crystal statue
D:13 3 runed translucent doors, CrazyMind's ghost, journeyman DrBe
Orc:1 1 runed translucent door, duckroller's ghost, journeyman HOMo


Innate Abilities, Weirdness & Mutations

You are completely covered in rugged brown scales. (AC +3, +7% HP)
You may rarely emit foul miasma when damaged in melee.
You are mostly covered in sharp spines.
You have a tail ending in a sharp stinger.


Message History

a +0 spear; a +0 buckler You feel a strong urge to attack something.
A spriggan berserker comes into view. It is wielding a +0 hand axe.
Things that are here:
a +0 rapier; a +0 animal skin; a spriggan corpse You are no longer berserk.
You are exhausted.
You feel yourself slow down.
Your skin stops crawling.
You feel less strong-willed.
The spriggan berserker utters an invocation to Trog.
The death yak bellows!
The spriggan berserker prays to Trog.
The polar bear goes berserk!
Things that are here:
a +0 rapier; a +0 animal skin; a spriggan corpse You hit the death yak but do no damage.
You block the death yak's attack.
The spriggan berserker mumbles some strange prayers to Trog.
The spriggan berserker goes berserk!
The death yak is struck by your spines.
The death yak gores you but does no damage.
Blink to where?
Press: ? - help, Dir - move target Splash!
You fall into the shallow water.
Moving in this stuff is going to be slow.
As you read the scroll of blinking, it crumbles to dust.
The polar bear rages.
The spriggan berserker is struck by your spines.
The spriggan berserker closely misses you.
The spriggan berserker rages.
The spriggan berserker hits you but does no damage.
The spriggan berserker is struck by your spines.
The spriggan berserker hits you with a +0 hand axe!!
* * * LOW HITPOINT WARNING * * *
You emit a cloud of foul miasma!
The death yak is struck by your spines. The death yak closely misses you.
There is a stone staircase leading up, spattered with blood here.
The spriggan berserker is engulfed in dark miasma.
The spriggan berserker is poisoned.
The spriggan berserker misses you. The death yak gores you!!
You die...

♣♣.≈≈ #...Y. ♣♣♣♣♣≈♣≈♣####
####i####
♣♣≈≈..≈.≈≈♣#.###.##)###.
.≈≈.≈≈≈....≈....#))...♣
♣♣≈.≈......≈....§#...♣♣
♣♣♣♣≈.≈§≈≈...≈.....##..♣♣
♣..≈..≈≈≈≈≈..≈≈.≈≈.##.♣♣
♣♣.≈≈..≈≈≈≈i≈≈.≈≈≈≈≈##♣♣
♣≈≈≈≈..≈≈≈@Y≈h≈≈≈....#
♣.≈≈≈≈≈...≈.≈≈≈.≈♣≈>.♣♣♣
♣.≈≈≈≈≈≈.♣♣♣≈≈>.≈≈≈≈≈.≈♣
♣.≈≈≈≈≈≈§♣ ♣♣♣♣♣♣.≈≈≈≈.♣
♣♣§§♣.≈≈≈.♣♣ ♣♣.≈≈≈.≈♣.
♣.)<.≈≈≈.≈.♣♣ ♣.≈≈≈≈≈....
♣.≈≈≈≈≈≈≈≈≈.♣♣ ♣.≈≈§≈≈≈§§≈
♣≈≈≈≈≈≈≈§≈≈≈.♣ ♣♣≈≈≈≈≈≈≈≈≈§≈
♣♣♣..≈≈≈≈...♣♣♣♣≈≈≈§≈≈≈≈...≈


You could see a death yak (summoned, berserk), a spriggan berserker (berserk,
poisoned) and a polar bear (summoned, berserk).

Vanquished Creatures
  Rupert (Lair:6)
  A frost giant (IceCv)
  2 eleionomae
  2 bunyips
  Josephine (Lair:5)
  An ettin (D:15)
  A vault guard (D:14)
  A fire dragon (Lair:6)
  Harold (Lair:2)
  13 hydras
  5 boulder beetles
  An ogre mage (D:14)
  Erolcha (D:12)
  2 catoblepae
  4 centaur warriors
  2 ghost crabs (Swamp:1)
  4 alligators
  3 two-headed ogres
  5 death yaks
  An orc high priest (Orc:2)
  2 death knights
  2 spriggan berserkers (Swamp:3)
  Nergalle (D:11)
  A deep troll (D:15)
  A swamp dragon (Swamp:2)
  2 goliath frogs
  2 spriggan druids (Swamp:1)
  3 bog bodies
  A lindwurm (Lair:6)
  2 deep elf pyromancers (D:15)
  2 deep elf zephyrmancers
  A necromancer (D:15)
  2 cyclopes
  5 ugly things
  2 orc knights
  5 orc sorcerers
  3 will-o-the-wisps
  3 elephants
  5 manticores
  Maurice (D:13)
  An ice statue (IceCv)
  2 molten gargoyles (Lair:6)
  10 black mambas
  2 torpor snails
  16 cane toads
  3 gargoyles
  A cane toad (shapeshifter) (D:15)
  An unseen horror (D:10)
  11 rime drakes
  13 komodo dragons
  7 polar bears
  A bloated husk (Swamp:1)
  7 trolls
  2 tyrant leeches
  23 blink frogs
  A slime creature (D:14)
  4 hornets
  Grinder (D:4)
  A jumping spider (shapeshifter) (D:14)
  3 spriggans
  45 yaks
  A shadow (D:12)
  7 wraiths
  A vampire (D:13)
  4 wyverns
  2 fire bats (Lair:1)
  9 basilisks
  2 steam dragons
  A death yak simulacrum (D:12)
  3 wargs (Orc:1)
  2 vampire mosquitoes (D:12)
  9 swamp worms
  Menkaure (D:5)
  4 hell hounds (Lair:6)
  23 water moccasins
  An ice beast (D:5)
  28 orc warriors
  3 black bears
  6 ogres
  2 sky beasts
  A swamp drake (Swamp:3)
  2 necrophages
  15 wolves
  8 centaurs
  2 phantoms (D:12)
  3 kobold brigands
  Blork the orc (D:5)
  2 gnoll sergeants
  8 bullfrogs
  5 scorpions
  A cane toad simulacrum (D:12)
  2 water moccasin skeletons
  4 troll zombies (D:12)
  4 killer bees (D:8)
  18 wights
  2 howler monkeys (D:13)
  9 electric eels
  A bullfrog zombie (D:5)
  7 lava snakes
  A centaur zombie (D:8)
  2 hounds (D:5)
  A jelly (D:4)
  18 orc priests
  2 centaur skeletons
  An iguana (D:5)
  A gnoll shaman (D:8)
  35 orc wizards
  2 spriggan simulacra (D:12)
  2 troll simulacra (D:12)
  A wolf simulacrum (D:12)
  2 ogre zombies (D:12)
  A hound skeleton (D:4)
  A howler monkey zombie (D:9)
  8 adders
  12 gnolls
  A howler monkey skeleton (D:7)
  A naga simulacrum (D:12)
  2 shadow imps
  2 ufetubi
  2 worms (D:2)
  A dart slug (D:3)
  79 orcs
  6 endoplasms
  14 goblins
  12 hobgoblins
  7 jackals
  2 quokkas
  6 ball pythons
  5 bats
  3 frilled lizards
  5 goblin zombies (D:12)
  A hobgoblin skeleton (D:12)
  2 hobgoblin zombies (D:12)
  19 kobolds
  2 orc skeletons (D:12)
  9 orc zombies (D:12)
  8 rats
  5 briar patches (Swamp:1)
741 creatures vanquished.

Vanquished Creatures (others)
  A wizard (D:15)
  A polar bear (IceCv)
  A bloated husk (Swamp:1)
  2 briar patches (Swamp:1)
  A bush (Lair:5)
  A fire vortex (Lair:5)
  26 foxfires
  23 fungi
  110 plants
166 creatures vanquished.

Grand Total: 907 creatures vanquished

Notes
Turn   | Place    | Note
-------+----------+-------------------------------------------
     0 | D:1      | MirrMurr the Demonspawn Berserker began the quest for the
                  | Orb.
     0 | D:1      | Reached XP level 1. HP: 18/18 MP: 1/1
   450 | D:1      | Gained mutation: You are partially covered in sharp spines.
                  | [demonic ancestry]
   450 | D:1      | Reached XP level 2. HP: 18/24 MP: 2/2
   465 | D:1      | Reached skill level 3 in Polearms
   936 | D:2      | Found a faded altar of an unknown god.
   965 | D:2      | Gained mutation: You are partially covered in rugged brown
                  | scales. (AC +1, +3% HP) [demonic ancestry]
   965 | D:2      | Reached XP level 3. HP: 16/29 MP: 3/3
  1131 | D:2      | Found a radiant altar of Vehumet.
  1311 | D:2      | Reached ** piety under Trog
  1355 | D:2      | Reached XP level 4. HP: 23/36 MP: 4/4
  1933 | D:3      | Found a snail-covered altar of Cheibriados.
  2716 | D:3      | Gained mutation: You are mostly covered in sharp spines.
                  | [demonic ancestry]
  2716 | D:3      | Reached XP level 5. HP: 31/43 MP: 5/5
  3038 | D:4      | Reached skill level 4 in Polearms
  3380 | D:4      | Gained mutation: You are mostly covered in rugged brown
                  | scales. (AC +2, +5% HP) [demonic ancestry]
  3380 | D:4      | Reached XP level 6. HP: 40/50 MP: 6/6
  3729 | D:5      | Entered Level 5 of the Dungeon
  3791 | D:5      | Reached skill level 5 in Polearms
  3904 | D:5      | Noticed Blork the orc
  3910 | D:5      | Gained mutation: You have a small tail. [demonic ancestry]
  3910 | D:5      | Reached XP level 7. HP: 57/57 MP: 7/7
  3918 | D:5      | Killed Blork the orc
  4067 | D:5      | Noticed Grinder
  4073 | D:5      | Noticed Menkaure
  4088 | D:4      | Killed Grinder
  4340 | D:5      | Killed Menkaure
  4341 | D:5      | Reached skill level 5 in Fighting
  4524 | D:5      | Found Amatzoma's Antique Armour Shoppe.
  4533 | D:5      | Reached XP level 8. HP: 65/65 MP: 8/8
  4536 | D:5      | Bought a buckler for 144 gold pieces
  4586 | D:5      | Reached skill level 6 in Polearms
  4742 | D:5      | Found a shadowy altar of Dithmenos.
  5084 | D:5      | Reached skill level 1 in Shields
  5135 | D:5      | Found a staircase to the Ecumenical Temple.
  6057 | D:6      | Found an ornate altar of the Wu Jian Council.
  6102 | D:6      | Reached skill level 7 in Polearms
  6161 | D:6      | Reached XP level 9. HP: 71/71 MP: 9/9
  6172 | D:6      | Reached skill level 5 in Armour
  6172 | D:6      | Reached skill level 5 in Dodging
  6487 | D:6      | Reached *** piety under Trog
  6985 | D:7      | Found a basalt altar of Yredelemnul.
  6985 | D:7      | Found a shimmering blue altar of Sif Muna.
  7549 | D:7      | Reached skill level 8 in Polearms
  8069 | D:8      | Reached **** piety under Trog
  8117 | D:8      | Found a flagged portal.
  8128 | Bailey   | Entered a bailey
  8586 | Bailey   | Reached XP level 10. HP: 80/80 MP: 10/10
  8598 | Bailey   | Noticed an orc knight
  8788 | Bailey   | Killed an orc knight
  9799 | D:9      | Reached skill level 9 in Polearms
  9985 | D:9      | Found Gojawku's Distillery.
  9993 | D:9      | Bought a potion of curing for 30 gold pieces
  9993 | D:9      | Bought a potion of heal wounds for 50 gold pieces
 10420 | D:10     | Entered Level 10 of the Dungeon
 10970 | D:10     | Noticed an orange crystal statue
 10971 | D:10     | Noticed a gargoyle
 11222 | D:10     | Noticed a two-headed ogre
 11229 | D:10     | Killed a two-headed ogre
 11230 | D:10     | Reached skill level 5 in Shields
 11421 | D:11     | Noticed Nergalle
 11429 | D:11     | Noticed a spectral orc warlord
 11432 | D:11     | Killed Nergalle
 11433 | D:11     | Gained mutation: You may rarely emit foul miasma when
                  | damaged in melee. [demonic ancestry]
 11433 | D:11     | Reached XP level 11. HP: 90/90 MP: 11/11
 12278 | D:11     | Found a staircase to the Lair.
 12683 | D:11     | Reached skill level 10 in Polearms
 12743 | D:11     | Noticed a two-headed ogre
 12757 | D:11     | Killed a two-headed ogre
 13067 | Lair:1   | Entered Level 1 of the Lair of Beasts
 13078 | Lair:1   | Noticed a six-headed hydra
 13086 | Lair:1   | Killed a six-headed hydra
 13718 | Lair:1   | Noticed a four-headed hydra
 13729 | Lair:1   | Killed a four-headed hydra
 14246 | Lair:1   | Reached skill level 11 in Polearms
 14894 | Lair:2   | Found a staircase to the Snake Pit.
 14914 | Lair:2   | Gained mutation: You have a tail ending in a sharp stinger.
                  | [demonic ancestry]
 14914 | Lair:2   | Reached XP level 12. HP: 69/98 MP: 12/12
 15242 | Lair:2   | Noticed a four-headed hydra
 15250 | Lair:2   | Killed a four-headed hydra
 15393 | Lair:2   | Noticed Harold
 15415 | Lair:2   | Killed Harold
 15690 | Lair:2   | Noticed a four-headed hydra
 15702 | Lair:2   | Killed a four-headed hydra
 15962 | Lair:2   | Found a staircase to the Swamp.
 16453 | Lair:3   | Reached skill level 12 in Polearms
 16507 | Lair:3   | Identified the +1 scimitar of Infection {vorpal, *Rage
                  | rPois rCorr}
 16629 | Lair:3   | Reached skill level 1 in Evocations
 16644 | Lair:3   | Reached ***** piety under Trog
 16860 | Lair:3   | Identified the +0 helmet of the Falcon {-Tele Harm Int+2}
 17411 | Lair:3   | Noticed a boulder beetle
 17462 | Lair:3   | Killed a boulder beetle
 17463 | Lair:3   | Reached XP level 13. HP: 99/108 MP: 13/13
 18988 | Lair:5   | Noticed Josephine
 19296 | Lair:5   | Reached skill level 10 in Fighting
 19399 | Lair:5   | Killed Josephine
 19434 | Lair:5   | Reached skill level 1 in Throwing
 19811 | Lair:6   | Entered Level 6 of the Lair of Beasts
 19811 | Lair:6   | Noticed Rupert
 20185 | Lair:6   | Killed Rupert
 20708 | Lair:6   | Reached skill level 13 in Polearms
 21894 | Lair:6   | Reached XP level 14. HP: 87/116 MP: 14/14
 22273 | Lair:6   | Found a large runed translucent door.
 22837 | Lair:6   | Found a large runed translucent door.
 22998 | Lair:6   | Found a viscous altar of Jiyva.
 22998 | Lair:6   | Found a staircase to the Slime Pits.
 23662 | D:12     | Found a frozen archway.
 23704 | IceCv    | Entered an ice cave
 23912 | IceCv    | Reached skill level 5 in Evocations
 24029 | IceCv    | Noticed a frost giant
 24076 | IceCv    | Killed a frost giant
 24578 | D:12     | Found a staircase to the Orcish Mines.
 24604 | D:12     | Reached ****** piety under Trog
 24682 | D:12     | Reached skill level 10 in Dodging
 24762 | D:12     | Noticed Erolcha
 24773 | D:12     | Killed Erolcha
 24773 | D:12     | Received a gift from Trog
 25043 | D:12     | Identified the +2 flail of Traps {holy, rF+ rN+}
 25394 | D:13     | Reached skill level 14 in Polearms
 25550 | D:13     | Found a runed translucent gate.
 25559 | D:13     | Found a runed translucent gate.
 25559 | D:13     | Found a runed translucent gate.
 25565 | D:13     | Noticed CrazyMind's ghost (journeyman DrBe)
 25731 | D:13     | Noticed Maurice
 25742 | D:13     | Killed Maurice
 25830 | D:13     | Reached skill level 10 in Armour
 27030 | D:14     | Found a gate to the Vaults.
 27233 | D:14     | Gained mutation: You are completely covered in rugged brown
                  | scales. (AC +3, +7% HP) [demonic ancestry]
 27233 | D:14     | Reached XP level 15. HP: 111/127 MP: 15/15
 27363 | D:14     | Reached skill level 5 in Throwing
 27645 | D:15     | Entered Level 15 of the Dungeon
 27795 | D:15     | Found a staircase to the Depths.
 27808 | D:15     | Received a gift from Trog
 29161 | Orc:1    | Entered Level 1 of the Orcish Mines
 29293 | Orc:1    | Found a runed translucent door.
 29293 | Orc:1    | Noticed duckroller's ghost (journeyman HOMo)
 29558 | Orc:2    | Entered Level 2 of the Orcish Mines
 29774 | Orc:1    | Received a gift from Trog
 30123 | Orc:2    | Found a staircase to the Elven Halls.
 30296 | Orc:2    | Paralysed by an orc sorcerer for 3 turns
 30471 | Orc:2    | Found Guvod's Distillery.
 30471 | Orc:2    | Found Umirgh's Book Emporium.
 30472 | Orc:2    | Found Tefov Jae's Book Emporium.
 30476 | Orc:2    | Found Gusua's Magic Scroll Shoppe.
 30860 | Swamp:1  | Entered Level 1 of the Swamp
 31438 | Swamp:1  | Identified the +1 plate armour of Ru's Pride {Slay+2}
 31442 | Swamp:1  | Identified the +10 dagger of Integrity {vorpal, rElec Will+
                  | Str-4 Int+5}
 31505 | Swamp:1  | Reached skill level 10 in Shields
 31509 | Swamp:1  | Found a transporter.
 31542 | Swamp:1  | Found a transporter.
 32058 | Swamp:1  | Identified the -2 pair of gloves of Discretion {rPois rCorr
                  | SInv}
 32061 | Swamp:1  | Identified the ring of Fedhas's Scorn {Fly Str+4 Int-2
                  | Dex+3}
 32307 | Swamp:2  | Received a gift from Trog
 32933 | Swamp:3  | Slain by a death yak

Illustrated notes

Levels and vault maps discovered:
D:1:      dpeg_arrival_arbitrary_a, layout_loops_cross
D:2:      layout_loops_cross, basic_altar, ebering_ecumenical_altar_sacrificial
D:3:      layout_loops_cross, mainiacjoe_overflow_paths
D:4:      layout_loops_ring, kennysheep_boxes
D:5:      layout_cave_pools, mainiacjoe_overflow_alcove_4,
          minmay_temple_entry_stoned_glass, serial_shops, shop_statue,
          serial_bayou, serial_bayou_pond_d, serial_bayou_pond_a,
          serial_bayou_ford_a, serial_bayou_lagoon_a, roderic_cross_of_infinity,
          uniq_grinder, uniq_blork_the_orc, uniq_menkaure
D:6:      layout_basic, nzn_wu_jian_council_hall, minmay_misc_feat_columns,
          serial_park_tiny_pond, minmay_ogre_servants
D:7:      layout_cave_pods, gammafunk_temple_overflow_elements,
          minmay_misc_feat_roman
D:8:      layout_gridville, elyvilon_altar_3, enter_bailey_4
D:9:      layout_rooms, kennysheep_mini, serial_shops, shop
D:10:     layout_basic, minivault_16
D:11:     layout_basic, david_lair_generic, serial_rivers,
          chequers_serial_rivers_room_a, chequers_serial_rivers_micro_c,
          chequers_serial_rivers_small_3, chequers_serial_rivers_micro_a,
          minmay_misc_feat_iff, uniq_nergalle
D:12:     layout_irregular_city, zombieorc1_lemuel,
          portal_ice_cave_entry_ice_simulacra, uniq_erolcha
D:13:     layout_stronghold, gammafunk_ghost_nasty_kobolds,
          nicolae_concentric_dashed_squares_mild, kennysheep_dice, uniq_maurice
D:14:     layout_irregular_city, david_vaults_5, patterned_corridor
D:15:     hangedman_depths_entry_civil_slaughter, layout_basic, serial_rivers,
          chequers_serial_rivers_marsh, chequers_serial_rivers_large_b,
          chequers_serial_rivers_micro_d, chequers_serial_rivers_micro_d,
          chequers_serial_rivers_micro_c, chequers_serial_rivers_room_b
Lair:1:   layout_gridlike, minivault_26, serial_bayou_shore_b
Lair:2:   layout_regular_city, nicolae_swamp_entry_splash_gauntlet,
          minmay_snake_entry_six_corridors, grunt_megastairs_5, uniq_harold
Lair:3:   layout_chaotic_city
Lair:4:   layout_regular_city, nicolae_quartered_pool_medium,
          serial_bayou_shore_a
Lair:5:   layout_gridlike, uniq_josephine
Lair:6:   cheibrodos_lair_end_hotspot, layout_misc_corridors,
          dpeg_slime_entry_enclosed_altar, pond, infiniplex_staircase_pool,
          uniq_rupert
Swamp:1:  gammafunk_worm_tunnel, layout_basic_swamp, evilmike_swamp_ruin_house_6
Swamp:2:  layout_falls_marsh, hangedman_swamp_ruin_wall
Swamp:3:  nicolae_swamp_tree_isthmus, layout_basic_swamp,
          evilmike_swamp_ruin_wall
Orc:1:    nicolae_orc_accident_1, layout_diamond_mine, ebering_ghost_inner_flame
Orc:2:    st_orc_mages, layout_caves

Skill      XL: |  1  2  3  4  5  6  7  8  9 10 11 12 13 14 15 |
---------------+----------------------------------------------+-----
Polearms       | 3 4 5 7 8 9 11 12 13 14 | 14.0
Armour         | 2 3 4 5 6 7 8 9 10 11 | 11.1
Dodging        | 2 3 4 5 6 7 8 9 10 11 | 11.2
Fighting       | 4 5 6 7 8 9 10 11 12 | 12.3
Shields        | 2 3 5 6 7 8 9 10 | 10.3
Evocations     | 2 4 6 |  6.9
Throwing       | 3 4 6 |  6.7

Action                   |  1- 3 |  4- 6 |  7- 9 | 10-12 | 13-15 || total
-------------------------+-------+-------+-------+-------+-------++-------
Melee: Spear             |   126 |   134 |   147 |       |       ||   407
       Punch             |     1 |     7 |       |       |       ||     8
       Tailslap          |       |       |    42 |   109 |   428 ||   579
       Trident           |       |       |   259 |   757 |  2263 ||  3279
Throw: Stone             |     1 |     4 |    11 |       |    34 ||    50
       Boomerang         |       |       |       |       |     1 ||     1
Invok: Berserk           |       |     2 |    11 |    11 |    16 ||    40
       Trog's Hand       |       |     2 |     2 |     3 |    10 ||    17
       Brothers in Arms  |       |       |       |     1 |       ||     1
Evoke: Wand              |       |       |       |       |     2 ||     2
  Use: Scroll            |     2 |     3 |     8 |     8 |     8 ||    29
       Potion            |       |       |       |       |     2 ||     2
 Stab: Sleeping          |     1 |       |       |       |       ||     1
       Distracted        |     1 |       |       |       |       ||     1
       Petrified         |       |       |       |       |     1 ||     1
       Invisible         |       |       |       |       |     4 ||     4
       Confused          |       |       |       |       |     1 ||     1
Armor: Leather armour    |     9 |       |       |       |       ||     9
       Animal skin       |     1 |       |       |       |       ||     1
       Chain mail        |     7 |    42 |   100 |       |       ||   149
       Plate armour      |       |       |    58 |   309 |   350 ||   717
       Fire dragon scale |       |       |       |       |   389 ||   389
Dodge: Dodged            |    47 |    25 |   129 |   330 |   842 ||  1373
Block: Buckler           |       |       |    70 |   169 |   381 ||   620
